 Dungeon Crawl Stone Soup version 0.18.1-5-g4a78601 (webtiles) character file.

176281 oplop the Impaler (level 18, -1/145 HPs)
             Began as a Merfolk Ice Elementalist on May 10, 2016.
             Was a High Priest of Cheibriados.
             Slain by a naga warrior
             ... wielding a +4 glaive
              (26 damage)
             ... on level 2 of the Snake Pit.
             The game lasted 02:52:45 (43298 turns).

oplop the Impaler (Merfolk Ice Elementalist)       Turns: 43298, Time: 02:52:46

Health: -1/145     AC: 19    Str: 27    XL:     18   Next: 12%
Magic:  1/34       EV: 41    Int: 34    God:    Cheibriados [*****.]
Gold:   1668       SH:  0    Dex: 32    Spells: 11 memorised, 5 levels left

rFire  . . .     SeeInvis .     D - +0 glaive
rCold  . . .     Gourm    .     J - +2 robe {MR+}
rNeg   . . .     Faith    +     (shield currently unavailable)
rPois  +         Spirit   .     s - +2 hat
rElec  .         Dismiss  .     h - +2 cloak
rCorr  .         Reflect  .     (no gloves)
SustAt .         Harm     .     (boots currently unavailable)
MR     +++..                    Y - amulet of faith (curse)
Stlth  +++++.....               p - +3 ring of protection
                                M - ring of Aphemorch {MR+ Str+2 Dex+4}

@: lethally poisoned (-1 -> -1), icy armour, regenerating (expiring), very slow,
extremely resistant to hostile enchantments, quite stealthy
A: change form in water, swift swim, horns 1, deformed body, poison resistance
a: Bend Time, Temporal Distortion, Slouch, Step From Time, Renounce Religion


You were on level 2 of the Snake Pit.
You worshipped Cheibriados.
Cheibriados was extremely pleased with you.
You were not hungry.

You visited 6 branches of the dungeon, and saw 34 of its levels.
You also visited: Labyrinth and Ice Cave.

You collected 2927 gold pieces.
You spent 1259 gold pieces at shops.

Inventory:

Hand Weapons
 D - a +0 glaive (weapon)
 H - a +3 spear of piercing
Armour
 b - the +4 robe of the Six Orbs {+Inv rElec Int+4}
   (You bought it in a shop on level 2 of the Orcish Mines)

   It affects your intelligence (+4).
   It insulates you from electricity.
   It lets you turn invisible.
 e - a +0 pair of boots (melded)
 h - a +2 cloak (worn)
 s - a +2 hat (worn)
 v - a +0 buckler
 y - the +3 ring mail "Oqiovurio" {*Drain rElec rPois SInv}
   (You bought it in a shop on level 2 of the Orcish Mines)

   It insulates you from electricity.
   It protects you from poison.
   It lets you see invisible.
   It causes draining when unequipped.
 J - a +2 robe of magic resistance (worn)
Rods
 Q - a +7 rod of ignition (14/14)
   (You found it in a labyrinth)
Jewellery
 k - an uncursed ring of protection from cold
 p - a +3 ring of protection (right hand)
 u - an uncursed amulet of magic regeneration
 L - a +4 amulet of reflection
 M - the ring of Aphemorch (left hand) {MR+ Str+2 Dex+4}
   (You found it on level 2 of the Snake Pit)

   [ring of strength]

   It affects your strength (+2).
   It affects your dexterity (+4).
   It affects your resistance to hostile enchantments.
 S - an uncursed ring of ice
 X - an uncursed ring of resist corrosion
 Y - a cursed amulet of faith (around neck)
Wands
 K - a wand of digging (11/24)
 N - a wand of teleportation (4/9)
 O - a wand of acid (10/15)
 V - a wand of iceblast (5/15)
 W - a wand of enslavement (7/24)
Scrolls
 m - 16 scrolls of remove curse
 r - 5 scrolls of fear
 t - 11 scrolls of amnesia
 x - 2 scrolls of blinking
 z - a scroll of immolation
 A - 3 scrolls of fog
 E - 2 scrolls of recharging
 I - 2 scrolls of enchant armour
 T - 3 scrolls of magic mapping
 U - 3 scrolls of enchant weapon
Potions
 d - 8 potions of agility
 f - a potion of heal wounds
 g - 5 potions of brilliance
 i - 3 potions of magic
 j - 15 potions of curing
 n - 4 potions of invisibility
 w - 5 potions of flight
 C - 3 potions of cure mutation
 F - 7 potions of lignification
 G - 3 potions of cancellation
 P - 2 potions of resistance
 R - 5 potions of might
Books
 o - a book of Necromancy

   Spells                             Type                      Level
   a - Pain                           Necromancy                   1
   b - Animate Skeleton               Necromancy                   1
   c - Vampiric Draining              Necromancy                   3
   d - Regeneration                   Charms/Necromancy            3
   e - Animate Dead                   Necromancy                   4
   f - Control Undead                 Necromancy                   4
 Z - a book of Minor Magic

   Spells                             Type                      Level
   a - Magic Dart                     Conjuration                  1
   b - Blink                          Translocation                2
   c - Call Imp                       Summoning                    2
   d - Repel Missiles                 Charms/Air                   2
   e - Slow                           Hexes                        2
   f - Conjure Flame                  Conjuration/Fire             3
   g - Mephitic Cloud                 Conjuration/Poison/Air       3
Miscellaneous
 B - a legendary deck of changes {Fortitude}
Comestibles
 a - 8 beef jerkies
 c - 27 bread rations
 l - 7 meat rations


   Skills:
 + Level 13.7 Fighting
 - Level 16.6 Polearms
 - Level 16.2 Dodging
 - Level 5.0 Stealth
 - Level 4.4 Shields
 * Level 12.4 Spellcasting
 * Level 10.1 Conjurations
 - Level 5.7 Summonings
 - Level 5.5 Necromancy
 - Level 8.3 Ice Magic
 - Level 11.6 Invocations
 - Level 1.3 Evocations


You had 5 spell levels left.
You knew the following spells:

 Your Spells              Type           Power        Failure   Level  Hunger
a - Freeze                Ice            ####         1%          1    None
b - Throw Frost           Conj/Ice       ######       1%          2    None
c - Ozocubu's Armour      Chrm/Ice       #####...     1%          3    None
d - Summon Ice Beast      Ice/Summ       ######..     1%          4    None
e - Throw Icicle          Conj/Ice       ######..     1%          4    None
f - Orb of Destruction    Conj           ######....   30%         7    #####..
g - Fulminant Prism       Conj/Hex       ######....   2%          4    None
h - Regeneration          Chrm/Necr      #####.....   1%          3    None
i - Animate Dead          Necr           N/A          1%          4    None
j - Repel Missiles        Chrm/Air       ###...       3%          2    None
k - Blink                 Tloc           N/A          3%          2    None


Dungeon Overview and Level Annotations

Branches:
Dungeon (15/15)            Temple (1/1) D:6            Lair (8/8) D:9
  Swamp (4/4) Lair:6        Snake (4/4) Lair:6        Slime (0/6) Lair:8
    Orc (2/2) D:12            Elf (0/3) Orc:2        Depths (0/5) D:15
 Vaults: D:13-14

Altars:
Ashenzari
Cheibriados
Dithmenos
Elyvilon
Fedhas
Gozag
Kikubaaqudgha
Makhleb
Nemelex Xobeh
Okawaru
Pakellas
Qazlal
Ru
Sif Muna
Trog
Vehumet
Xom
Yredelemnul
Zin
The Shining One
Beogh
Jiyva

Shops:
D:4 :(!   Orc:2 *=*[(

Portals:
Trove: D:10 (give +2 gold dragon armour)

Annotations:
D:11 exclusion: orange crystal statue
D:14 exclusion: ice dragon
Lair:3 Rupert
Lair:8 1 runed door
Swamp:3 Liquid's ghost, journeyman DrNe
Swamp:4 Lernaean hydra; Mara
Snake:1 Asterion


Innate Abilities, Weirdness & Mutations

You revert to your normal form in water.
You are very nimble and swift while swimming.
You have a pair of small horns on your head.
Armour fits poorly on your strangely shaped body.
Your system is resistant to poisons.


Message History

The splash of poison hits you! You resist.
Attack whom?
Press: ? - help, Dir - move target cursor, f/p - naga warrior
Aim: a naga warrior, wielding an enchanted glaive (severely wounded)
You reach to attack!
You slash the naga warrior!
The naga warrior is severely wounded.
The naga warrior completely misses you.
Attack whom?
Press: ? - help, Dir - move target cursor, f/p - naga warrior
Aim: a naga warrior, wielding an enchanted glaive (severely wounded)
You reach to attack!
You slice the naga warrior!!
The naga warrior is almost dead.
Your skin is crawling a little less now.
Attack whom?
Press: ? - help, Dir - move target cursor, f/p - naga warrior
Aim: a naga warrior, wielding an enchanted glaive (almost dead)
You reach to attack!
You barely miss the naga warrior.
The naga warrior is almost dead.
The naga warrior hits you from afar with an enchanted glaive!!
You die...

≈.≈≈≈≈≈.....##.#.####.#...####N##
≈.≈≈÷≈≈...=)##.#.....(....NN...(.
............(.......#.#.#.####*##
≈.≈≈≈≈≈≈##.###.####.≈.#........#
≈.≈≈≈)≈≈##.# #.###≈N≈.##..###..##
#.≈≈≈≈...#.###.##≈≈.≈.##...##....
#.≈≈#≈...#....N#≈≈≈............##
≈(####...#####...S....##N#.......
≈ #...# #.#@≈≈≈≈≈##.#.......
#...#####.##≈≈≈≈≈##.N)......
#......##.###≈≈≈≈##(#.......
###...........≈≈###.###.....
#.....≈.###.#####.# #....#
#.....≈.≈##((..##.# #....#
########≈≈.≈.≈≈#....##N# #.#..#
#.......≈≈.≈.≈≈≈....#((# #...>#
#.......≈≈.≈.≈≈#(..(#§§####....


You could see a naga warrior, a guardian serpent and a naga.

Vanquished Creatures
  Vashnia (Snake:2)
  Nikola (Swamp:1)
  Gastronok (Lair:3)
  3 greater nagas
  Donald (Swamp:1)
  2 orc warlords
  2 very ugly things
  Nessos (Lair:7)
  Azrael (D:14)
  A spark wasp (shapeshifter) (D:14)
  The ghost of Wooh the Spry, a journeyman FeEn of Nemelex Xobeh (Orc:2)
  A minotaur (Lab)
  Josephine (D:13)
  9 hydras
  6 naga warriors
  A catoblepas (Lair:8)
  Erica (Orc:1)
  A centaur warrior (D:15)
  2 ghost crabs
  8 alligators
  4 anacondas
  3 death yaks (Lair:8)
  A dancing weapon (Orc:2)
  A deep troll shaman (Lair:8)
  4 orc high priests
  A spriggan berserker (Swamp:2)
  3 naga sharpshooters
  6 shock serpents
  3 unseen horrors
  A salamander mystic (Snake:4)
  A sea snake (Snake:2)
  3 spriggan druids
  5 swamp dragons (Swamp:4)
  3 hill giants
  A necromancer (IceCv)
  6 orc knights
  2 ugly things
  4 mana vipers
  3 salamanders
  4 orc sorcerers (Orc:2)
  A deep elf mage (Orc:2)
  2 hornets
  A cyclops (D:14)
  14 elephants (Lair:8)
  7 centaur zombies
  A guardian serpent (Snake:4)
  6 naga magi
  Maurice (D:9)
  26 black mambas
  3 ice statues
  A torpor snail (Lair:3)
  A gargoyle (D:13)
  13 spiny frogs
  2 freezing wraiths (D:15)
  4 ice devils (IceCv)
  5 komodo dragons
  5 trolls
  3 giant leeches
  5 polar bears
  A two-headed ogre (D:12)
  Prince Ribbit (D:7)
  9 slime creatures
  12 blink frogs
  7 bog bodies
  8 shadows
  A water elemental (D:12)
  3 wyverns
  5 wraiths
  6 spriggans
  33 yaks
  2 basilisks
  4 fire elementals (D:14)
  11 hippogriffs
  A hungry ghost (D:9)
  2 mottled dragons
  13 insubstantial wisps
  20 vampire mosquitoes
  Menkaure (D:7)
  A soldier ant (shapeshifter) (D:14)
  6 wargs
  21 nagas
  24 swamp worms
  16 soldier ants (Lair:7)
  3 hell hounds (D:14)
  19 water moccasins
  14 porcupines
  40 orc warriors
  5 sky beasts
  13 swamp drakes
  6 wasps
  A black bear (D:10)
  A necrophage (D:12)
  A phantom (D:11)
  15 ice beasts
  9 ogres
  26 wolves
  17 centaurs
  18 crocodiles
  A big kobold (D:7)
  A wyvern zombie (D:12)
  19 giant frogs
  5 scorpions
  11 killer bees (D:13)
  2 howler monkeys
  18 electric eels
  12 wights
  4 crimson imps
  A lava snake (Lab)
  A giant frog zombie (D:6)
  6 hounds
  26 orc wizards
  3 centaur skeletons
  22 orc priests
  2 giant frog skeletons
  A gnoll shaman (D:6)
  2 jellies
  An iron imp (D:7)
  8 iguanas
  24 worker ants
  13 sheep
  2 worker ant zombies
  11 gnolls
  16 adders
  35 river rats
  4 shadow imps
  2 white imps (D:11)
  A worker ant simulacrum (D:11)
  An ufetubus (D:11)
  2 adder skeletons
  3 worms
  3 dart slugs
  3 giant geckos
  99 orcs
  3 giant cockroaches
  4 goblins
  13 hobgoblins
  8 jackals
  7 quokkas
  4 ball pythons
  18 bats
  5 giant newts
  A jackal zombie (D:5)
  20 kobolds
  16 rats
  A spectral orc (D:4)
  A briar patch (Swamp:4)
  2 fulminant prisms
  A fungus (Lair:5)
1070 creatures vanquished.

Vanquished Creatures (collateral kills)
  A greater naga (Snake:3)
  A dire elephant (Lair:8)
  Harold (Lair:3)
  Erolcha (D:9)
  8 hydras
  A naga warrior (Snake:2)
  3 anacondas
  3 alligators (Swamp:2)
  A death yak (Lair:8)
  A queen ant (Lair:7)
  A shock serpent (Snake:1)
  2 naga sharpshooters (Snake:2)
  A sea snake (Snake:2)
  4 swamp dragons
  A spriggan druid (Swamp:2)
  Pikel (D:8)
  2 hill giants
  A mana viper (Snake:1)
  3 ugly things
  An orc sorcerer (Orc:2)
  2 salamanders
  6 elephants (Lair:8)
  4 spiny frogs
  2 naga magi
  A merfolk (D:9)
  3 trolls
  A giant leech (Swamp:2)
  5 blink frogs
  7 slime creatures
  A spriggan (Swamp:2)
  A water elemental (D:12)
  23 yaks
  A wraith (D:13)
  A basilisk (D:15)
  5 hippogriffs
  A hungry ghost (D:8)
  Grum (Lair:1)
  An insubstantial wisp (Swamp:4)
  A swamp worm (Swamp:1)
  A warg (Orc:1)
  4 vampire mosquitoes
  3 nagas
  A water moccasin (Lair:6)
  4 soldier ants (Lair:7)
  3 porcupines
  2 ice beasts (Orc:1)
  6 orc warriors
  3 black bears
  3 swamp drakes
  5 wolves
  3 phantoms
  6 ogres
  3 centaurs
  5 crocodiles
  2 giant frogs
  A gnoll sergeant (D:6)
  2 big kobolds (D:6)
  An electric eel (D:12)
  2 howler monkeys (D:8)
  A jelly (D:7)
  11 orc priests
  2 centaur skeletons
  5 orc wizards
  2 gnoll shamans (D:6)
  An iguana (Lair:5)
  4 worker ants (Lair:7)
  7 sheep
  4 gnolls
  An adder (D:12)
  6 river rats
  A shadow imp (D:8)
  An ufetubus (D:11)
  24 orcs
  2 bats (D:9)
  A hobgoblin (D:6)
  A kobold (D:6)
  A quokka (D:8)
  3 rats (D:9)
243 creatures vanquished.

Vanquished Creatures (others)
  A thorn hunter (Swamp:4)
  A death yak (Lair:8)
  A naga sharpshooter (Snake:2)
  A salamander mystic (Snake:3)
  A wizard (D:14)
  A salamander (Snake:3)
  A guardian serpent (Snake:3)
  A naga (Snake:1)
  A giant frog (D:11)
  An iguana (D:9)
  4 briar patches (Swamp:4)
  3 bushes (Lair:8)
  58 fulminant prisms
  61 fungi
  39 plants
  3 withered plants (D:15)
178 creatures vanquished.

Grand Total: 1491 creatures vanquished

Notes
Turn   | Place    | Note
--------------------------------------------------------------
     0 | D:1      | oplop the Merfolk Ice Elementalist began the quest for the Orb.
     0 | D:1      | Reached XP level 1. HP: 13/13 MP: 3/3
   259 | D:1      | Reached XP level 2. HP: 19/19 MP: 3/5
   814 | D:1      | Reached XP level 3. HP: 24/24 MP: 0/6
  1262 | D:2      | You fall through a shaft for 2 floors!
  1262 | D:4      | Found a basalt altar of Yredelemnul.
  1290 | D:4      | Learned a level 2 spell: Throw Frost
  1313 | D:4      | Found Xasoh's Distillery.
  1318 | D:3      | Found a sparkling altar of Nemelex Xobeh.
  1318 | D:3      | Found a stormy altar of Qazlal.
  1321 | D:3      | Found an oddly glowing altar of Pakellas.
  1618 | D:3      | Reached XP level 4. HP: 30/30 MP: 4/8
  1826 | D:3      | Found a faded altar to an unknown god.
  2334 | D:2      | Learned a level 3 spell: Ozocubu's Armour
  2582 | D:2      | Reached XP level 5. HP: 32/35 MP: 5/9
  3145 | D:4      | Found Vitzimeh's Weapon Boutique.
  3298 | D:4      | Reached skill level 5 in Dodging
  3298 | D:4      | Reached XP level 6. HP: 19/41 MP: 3/11
  3323 | D:4      | Reached skill level 5 in Ice Magic
  3706 | D:4      | Found Deimn's Book Emporium.
  3885 | D:4      | Found a blossoming altar of Fedhas.
  3941 | D:4      | Reached XP level 7. HP: 46/46 MP: 5/13
  4063 | D:4      | Found a bloodstained altar of Trog.
  4064 | D:4      | Found an iron altar of Okawaru.
  4117 | D:5      | Entered Level 5 of the Dungeon
  4183 | D:5      | Learned a level 4 spell: Summon Ice Beast
  4409 | D:5      | Reached skill level 1 in Summonings
  4912 | D:5      | Reached XP level 8. HP: 28/52 MP: 2/15
  5115 | D:5      | Learned a level 4 spell: Throw Icicle
  5171 | D:4      | Bought a +2 spear of piercing for 181 gold pieces
  5852 | D:6      | Reached skill level 1 in Polearms
  6446 | D:5      | Reached skill level 5 in Spellcasting
  6570 | D:6      | Found a glowing silver altar of Zin.
  6712 | D:6      | Reached XP level 9. HP: 23/57 MP: 7/16
  6897 | D:6      | Found a staircase to the Ecumenical Temple.
  6909 | Temple   | Entered the Ecumenical Temple
  7054 | D:6      | Reached skill level 5 in Summonings
  7854 | D:6      | Reached skill level 1 in Conjurations
  8209 | D:7      | Noticed Prince Ribbit
  8222 | D:7      | Killed Prince Ribbit
  8222 | D:7      | Reached skill level 1 in Fighting
  8430 | D:7      | Reached skill level 5 in Polearms
  8546 | D:7      | Found a sacrificial altar of Ru.
  8762 | D:7      | Reached XP level 10. HP: 57/68 MP: 10/19
  8809 | D:7      | Found a glowing golden altar of the Shining One.
  8947 | D:7      | Noticed Menkaure
  8960 | D:7      | Killed Menkaure
  9206 | D:7      | Found a snail-covered altar of Cheibriados.
  9223 | D:7      | Became a worshipper of Cheibriados the Contemplative
  9317 | D:8      | Noticed Pikel
  9836 | D:8      | Reached * piety under Cheibriados
 10420 | D:9      | Reached skill level 1 in Invocations
 10511 | D:8      | Gained mutation: Armour fits poorly on your strangely shaped body. [potion of mutation]
 10511 | D:8      | Gained mutation: You have a pair of small horns on your head. [potion of mutation]
 10511 | D:8      | Gained mutation: Your system is resistant to poisons. [potion of mutation]
 10535 | D:8      | Killed Pikel
 10701 | D:9      | Reached ** piety under Cheibriados
 10749 | D:9      | Noticed Maurice
 10765 | D:9      | Killed Maurice
 10870 | D:9      | Found a deep blue altar of Sif Muna.
 10911 | D:9      | Noticed Erolcha
 10916 | D:9      | Reached *** piety under Cheibriados
 10926 | D:9      | Killed Erolcha
 10926 | D:9      | Reached XP level 11. HP: 49/78 MP: 6/21
 10933 | D:9      | Reached skill level 5 in Fighting
 11031 | D:9      | Identified Tisutz's Volume of Mutagenic Black Secrets
 11360 | D:9      | Reached **** piety under Cheibriados
 11368 | D:9      | Found a staircase to the Lair.
 11472 | D:10     | Entered Level 10 of the Dungeon
 11502 | D:10     | Got a topaz-studded scale mail
 11513 | D:10     | Identified the +0 scale mail "Dein" {rC+} (You found it on level 10 of the Dungeon)
 11598 | D:10     | Killed an unseen horror
 11986 | D:10     | Reached skill level 1 in Shields
 12046 | D:10     | Reached skill level 10 in Dodging
 12153 | D:10     | Found a portal to a secret trove of treasure.
 12209 | D:10     | Reached skill level 5 in Invocations
 12354 | D:10     | Noticed a hill giant
 12361 | D:10     | Killed a hill giant
 12468 | D:10     | Got a bloodstained scythe {slice}
 12513 | D:11     | Noticed a green ugly thing
 12590 | D:11     | Killed a green ugly thing
 12935 | D:9      | Identified the +4 scythe of the Water Diviner {slice, rPois Str-5 Int+2 Stlth+} (You took it off a centaur on level 10 of the Dungeon)
 12953 | Lair:1   | Entered Level 1 of the Lair of Beasts
 13159 | Lair:1   | Reached ***** piety under Cheibriados
 13928 | Lair:1   | Noticed Grum
 13940 | Lair:1   | Killed Grum
 13941 | Lair:1   | Reached XP level 12. HP: 63/89 MP: 7/23
 15650 | Lair:3   | Noticed Rupert
 15652 | Lair:3   | Noticed Gastronok
 15683 | Lair:3   | You fall through a shaft for 2 floors!
 16023 | Lair:5   | Reached ****** piety under Cheibriados
 16324 | Lair:6   | Found a staircase to the Swamp.
 16629 | Lair:6   | Found a staircase to the Snake Pit.
 16787 | Lair:6   | Reached skill level 10 in Polearms
 17133 | Lair:7   | Noticed an eight-headed hydra
 17200 | Lair:7   | Found a labyrinth entrance.
 17207 | Lab      | Entered a labyrinth
 17411 | Lab      | Noticed a minotaur
 17453 | Lab      | Killed a minotaur
 17469 | Lab      | Got a transparent shield
 17471 | Lab      | Identified a +7 rod of ignition (14/14) (You found it in a labyrinth)
 17593 | Lair:7   | Identified the cursed +0 shield of Fim Igod {rN+ Dex+7} (You found it in a labyrinth)
 17696 | Lair:7   | Noticed Nessos
 17701 | Lair:7   | Killed Nessos
 17701 | Lair:7   | Reached XP level 13. HP: 98/98 MP: 18/25
 18422 | Lair:7   | Reached skill level 10 in Invocations
 18852 | Lair:8   | Entered Level 8 of the Lair of Beasts
 20087 | Lair:4   | Got a heavily runed granite ring
 20089 | Lair:4   | Identified the cursed ring of Lady Luck {+Blink Dex-2} (You found it on level 4 of the Lair of Beasts)
 20165 | Lair:3   | Killed Gastronok
 20165 | Lair:3   | Reached XP level 14. HP: 82/108 MP: 7/27
 20261 | Lair:3   | Noticed Harold
 20288 | Lair:3   | Killed Harold
 20540 | Lair:3   | Paralysed by Rupert for 4 turns
 21193 | Lair:8   | Reached skill level 10 in Spellcasting
 21482 | Lair:8   | Reached skill level 10 in Fighting
 21967 | Lair:8   | Found a runed door.
 21972 | Lair:8   | Found a viscous altar of Jiyva.
 21974 | Lair:8   | Found a staircase to the Slime Pits.
 22300 | Lair:8   | Noticed a dire elephant
 22321 | Lair:8   | Killed a dire elephant
 22336 | Lair:8   | Got a twitching platinum amulet
 22338 | Lair:8   | Identified the amulet "Nalonyl" {Dismiss rElec} (You found it on level 8 of the Lair of Beasts)
 23556 | D:12     | Found a sparkling altar of Nemelex Xobeh.
 23563 | D:12     | Found a staircase to the Orcish Mines.
 23950 | D:12     | Reached XP level 15. HP: 101/118 MP: 29/29
 24517 | D:13     | Noticed Josephine
 24527 | D:13     | Killed Josephine
 24556 | D:13     | Found a basalt altar of Yredelemnul.
 25470 | D:14     | Noticed Azrael
 25485 | D:14     | Killed Azrael
 26039 | D:15     | Entered Level 15 of the Dungeon
 26088 | D:15     | Reached skill level 15 in Polearms
 26122 | D:15     | Learned a level 7 spell: Orb of Destruction
 26249 | D:15     | Reached skill level 15 in Dodging
 26706 | D:15     | Found a staircase to the Depths.
 27085 | Orc:1    | Entered Level 1 of the Orcish Mines
 27184 | Orc:1    | Found a frozen archway.
 27350 | IceCv    | Entered an ice cave
 28264 | Orc:1    | Noticed Erica
 28273 | Orc:1    | Killed Erica
 28428 | Orc:1    | Reached skill level 5 in Conjurations
 28433 | Orc:1    | Found a roughly hewn altar of Beogh.
 28645 | Orc:2    | Entered Level 2 of the Orcish Mines
 29137 | Orc:2    | Found Riss's General Store.
 29145 | Orc:2    | Bought a scroll of identify for 22 gold pieces
 29145 | Orc:2    | Bought a scroll of recharging for 104 gold pieces
 29181 | Orc:2    | Noticed Wooh's ghost (journeyman FeEn)
 29190 | Orc:2    | Killed Wooh's ghost
 29903 | Orc:2    | Noticed an orc warlord
 30280 | Orc:2    | Reached XP level 16. HP: 126/128 MP: 17/30
 30730 | Orc:2    | Found a staircase to the Elven Halls.
 30801 | Orc:2    | Found Xenkiuc's Antique Armour Shop.
 30802 | Orc:2    | Found Zaabotal's Antique Weapon Shop.
 30803 | Orc:2    | Found Uqisiheu's General Store.
 30803 | Orc:2    | Found Maotzu's Jewellery Boutique.
 30817 | Orc:2    | Bought a pair of boots for 94 gold pieces
 30817 | Orc:2    | Bought a warped ring mail for 189 gold pieces
 30817 | Orc:2    | Bought a crude robe for 119 gold pieces
 30827 | Orc:2    | Identified the +3 ring mail "Oqiovurio" {*Drain rElec rPois SInv} (You bought it in a shop on level 2 of the Orcish Mines)
 30831 | Orc:2    | Identified the +4 robe of the Six Orbs {+Inv rElec Int+4} (You bought it in a shop on level 2 of the Orcish Mines)
 31183 | Swamp:1  | Entered Level 1 of the Swamp
 31502 | Swamp:1  | Noticed Nikola
 31660 | Swamp:1  | Noticed Donald
 31674 | Swamp:1  | Killed Donald
 31884 | Swamp:1  | Killed Nikola
 32115 | Swamp:2  | Identified a scroll of acquirement
 33444 | Swamp:2  | Got a fine great sword
 33507 | Swamp:3  | Noticed Liquid's ghost (journeyman DrNe)
 34733 | Swamp:4  | Entered Level 4 of the Swamp
 34981 | Swamp:4  | Noticed a thorn hunter
 34991 | Swamp:4  | Killed a thorn hunter
 35008 | Swamp:4  | Reached XP level 17. HP: 41/136 MP: 4/33
 35447 | Swamp:4  | Noticed Mara
 35614 | Swamp:2  | Learned a level 4 spell: Fulminant Prism
 35976 | D:4      | Bought a book of Necromancy for 330 gold pieces
 35980 | D:4      | Learned a level 3 spell: Regeneration
 35985 | D:4      | Learned a level 4 spell: Animate Dead
 36253 | Snake:1  | Entered Level 1 of the Snake Pit
 36392 | Snake:1  | Reached skill level 1 in Necromancy
 36545 | Snake:1  | Noticed Asterion
 37820 | Snake:2  | Noticed Vashnia
 38107 | Snake:2  | Got a coiled brass ring
 38108 | Snake:2  | Identified the ring of Aphemorch {MR+ Str+2 Dex+4} (You found it on level 2 of the Snake Pit)
 38903 | Snake:3  | Reached skill level 5 in Stealth
 39769 | Snake:3  | Reached skill level 5 in Necromancy
 39981 | Snake:3  | HP: 2/136 [naga sharpshooter/bolt (25)]
 40422 | Snake:4  | Entered Level 4 of the Snake Pit
 40572 | Snake:4  | Reached skill level 1 in Evocations
 41719 | Swamp:4  | Noticed the 27-headed Lernaean hydra
 41782 | Swamp:3  | Reached XP level 18. HP: 17/144 MP: 26/34
 42846 | D:4      | Bought a book of Minor Magic for 220 gold pieces
 42849 | D:4      | Learned a level 2 spell: Repel Missiles
 42852 | D:4      | Learned a level 2 spell: Blink
 43266 | Snake:2  | Killed Vashnia
 43266 | Snake:2  | Reached skill level 10 in Conjurations
 43298 | Snake:2  | Slain by a naga warrior

Skill      XL: |  1  2  3  4  5  6  7  8  9 10 11 12 13 14 15 16 17 18 |
---------------+-------------------------------------------------------+-----
Dodging        | 3 4 5 6 7 8 9 10 11 12 14 15 16 | 16.2
Ice Magic      | 4 5 6 7 8 |  8.3
Spellcasting   | 3 4 5 6 7 8 9 10 12 | 12.4
Summonings     | 2 4 5 |  5.7
Polearms       | 3 5 7 8 10 11 14 15 16 | 16.6
Conjurations   | 2 3 4 5 7 9 10 | 10.1
Fighting       | 2 4 6 7 9 11 12 13 | 13.7
Invocations    | 3 6 9 11 | 11.6
Shields        | 3 4 |  4.4
Necromancy     | 5 |  5.5
Stealth        | 5 |  5.0
Evocations     | 1 |  1.3

Action                   |  1- 3 |  4- 6 |  7- 9 | 10-12 | 13-15 | 16-18 || total
-------------------------+-------+-------+-------+-------+-------+-------++-------
Melee: Unarmed           |    36 |    36 |     7 |       |       |       ||    79
       Dagger            |       |       |    96 |       |       |       ||    96
       Spear             |       |       |   220 |   742 |  1774 |  1125 ||  3861
       Headbutt          |       |       |       |   174 |   679 |   477 ||  1330
       Tailslap          |       |       |       |     2 |     4 |    81 ||    87
       Glaive            |       |       |       |       |    18 |   296 ||   314
 Cast: Freeze            |    58 |   110 |   121 |   279 |    63 |    60 ||   691
       Throw Frost       |       |     3 |     8 |     4 |     2 |     4 ||    21
       Ozocubu's Armour  |       |     1 |    17 |    21 |    44 |    38 ||   121
       Summon Ice Beast  |       |       |    23 |    61 |   142 |    95 ||   321
       Throw Icicle      |       |       |       |    29 |    84 |   100 ||   213
       Fulminant Prism   |       |       |       |       |       |    60 ||    60
       Regeneration      |       |       |       |       |       |    38 ||    38
       Animate Dead      |       |       |       |       |       |    10 ||    10
       Repel Missiles    |       |       |       |       |       |     4 ||     4
Invok: Slouch            |       |       |       |     1 |    27 |    12 ||    40
       Bend Time         |       |       |       |       |     4 |       ||     4
       Temporal Distorti |       |       |       |       |     1 |     6 ||     7
Evoke: Wand              |       |       |       |     1 |    11 |    12 ||    24
       Rod               |       |       |       |       |     1 |       ||     1
  Use: Scroll            |     1 |     4 |     2 |    24 |    27 |    16 ||    74
       Potion            |       |       |       |     6 |       |     7 ||    13
 Stab: Sleeping          |     2 |     4 |     1 |    15 |    17 |    12 ||    51
       Distracted        |       |       |     4 |     8 |    25 |    27 ||    64
       Petrifying        |       |       |       |       |     1 |       ||     1
       Petrified         |       |       |       |       |     1 |       ||     1
       Invisible         |       |       |       |       |       |     8 ||     8
       Confused          |       |       |       |       |       |     4 ||     4
  Eat: Royal jelly       |     1 |       |       |       |       |       ||     1
       Meat ration       |       |     1 |       |     1 |     4 |     3 ||     9
       Chunk             |       |     2 |    11 |     9 |     5 |     4 ||    31
       Beef jerky        |       |     1 |     1 |       |       |       ||     2
       Fruit             |       |       |    11 |     8 |     7 |     8 ||    34
       Pizza             |       |       |       |     2 |     1 |     2 ||     5
Armor: Robe              |    27 |    25 |    80 |    79 |   124 |   127 ||   462
       Leather armour    |       |       |       |     7 |    27 |       ||    34
Dodge: Dodged            |    77 |    68 |   265 |   562 |  1035 |  1104 ||  3111
       Deflected         |       |       |       |       |       |    14 ||    14
Block: Other             |       |       |    13 |    70 |    11 |    24 ||   118
       Reflection        |       |       |     1 |     5 |    17 |    35 ||    58
       Buckler           |       |       |       |   118 |   617 |   411 ||  1146
